Map: Submarine LE

Players

FLORENCIO - Winner!

  • Race: Zerg Zerg
  • League: Platinum
  • Spawn Location: 5:00

IIIIIIIIIIII

  • Race: Protoss Protoss
  • League: Platinum
  • Spawn Location: 11:00

VOD

Have the link to the VOD?

Description

Time

  • Played on: Jan. 24, 2021, 2:42 a.m.
  • Length: 21:13
Show
View Real Time Build Order
Export as new Build Order

FLORENCIO Zerg - Winner!

Build Orders: Pool First 

Get SALT Encoding   

  12  0:00  Drone  
  13  0:13  Drone  
  14  0:16  Overlord  
  14  0:34  Drone x2  
  16  0:42  Drone  
  17  0:45  Spawning Pool  
  16  0:53  Extractor, Drone  
  17  0:57  Drone  
  17  1:12  Drone  
  18  1:30  Hatchery  
  17  1:36  Drone x2  
  19  1:46  Drone  
  21  1:54  Drone  
  21  1:56  Roach Warren  
  21  2:14  Hatchery  
  20  2:17  Burrow  
  20  2:20  Drone x2  
  20  2:22  Extractor  
  21  2:28  Overlord  
  21  2:49  Hatchery  
  20  2:55  Drone  
  20  2:56  Drone x2  
  23  3:23  Drone x2  
  25  3:49  Lair  
  25  3:55  Hatchery  
  25  3:57  Spine Crawler  
  25  4:00  Spine Crawler  
  25  4:01  Spore Crawler  
  22  4:03  Spore Crawler  
  22  4:04  Drone x4  
  22  4:05  Queen  
  27  4:12  Drone  
  28  4:18  Drone  
  28  4:23  Drone  
  30  4:26  Drone  
  31  4:33  Drone  
  31  4:37  Drone  
  33  4:45  Drone  
  34  4:47  Queen  
  36  4:53  Overlord  
  36  4:58  Nydus Network  
  35  5:02  Zergling x2  
  35  5:06  Queen  
  36  5:07  Zergling x4  
  36  5:12  Spire  
  36  5:13  Zergling x2  
  40  5:14  Zergling x2  
  40  5:17  Zergling x2  
  42  5:22  Zergling x6  
  42  5:25  Zergling x2  
  46  5:36  Overlord  
  46  5:50  Zergling x8  
  50  6:04  Overseer  
  50  6:07  Zergling x12  
  50  6:08  Zergling x4  
  58  6:34  Extractor  
  58  6:35  Extractor, Overlord  
  58  6:36  Overlord x2  
  56  6:41  Metabolic Boost  
  56  7:11  Queen x3, Hydralisk Den  
  61  7:18  Nydus Network  
  61  7:19  Overlord x2  
  60  7:25  Drone x9  
  69  7:44  Baneling Nest, Hydralisk x4  
  68  7:49  Hydralisk  
  78  8:05  Hydralisk  
  78  8:06  Hydralisk x2  
  78  8:09  Hydralisk  
  84  8:34  Hydralisk x2  
  84  8:36  Overlord  
  84  8:37  Overlord x2  
  84  8:40  Pneumatized Carapace  
  88  8:57  Hydralisk x5  
  88  9:01  Muscular Augments  
  98  9:14  Hydralisk x3  
  104  9:31  Spine Crawler x2  
  102  9:33  Nydus Canal x2  
  102  9:47  Overseer  
  96  10:06  Hydralisk x7  
  77  10:17  Nydus Canal  
  77  10:18  Nydus Canal  
  77  10:19  Hydralisk  
  69  10:24  Hydralisk  
  64  10:46  Corruptor x3  
  62  11:04  Corruptor x2  
  62  11:07  Drone x3  
  69  11:13  Overlord  
  69  11:19  Corruptor  
  71  11:48  Zergling x2, Hydralisk  
  74  11:56  Hydralisk  
  74  11:57  Hydralisk x5  
  78  12:12  Hydralisk x10  
  78  12:13  Nydus Canal  
  78  12:14  Nydus Canal  
  74  12:35  Hydralisk x5  
  75  12:40  Hydralisk  
  65  12:47  Nydus Canal  
  65  12:50  Zergling x6  
  66  12:58  Hydralisk x2  
  70  13:22  Hydralisk x6  
  70  13:26  Baneling  
  80  13:27  Baneling x3  
  80  13:29  Baneling  
  80  13:47  Zergling x2, Hydralisk  
  80  13:48  Hydralisk x3  
  89  13:58  Nydus Canal  
  89  14:05  Hydralisk x2  
  89  14:07  Hydralisk x4  
  93  14:17  Nydus Canal  
  93  14:25  Nydus Canal  
  93  14:26  Hydralisk x2  
  84  14:51  Hydralisk x5  
  86  15:00  Hydralisk x2  
  86  15:01  Zergling x4  
  92  15:12  Zergling x6  
  95  15:14  Corruptor  
  97  15:29  Baneling  
  97  15:30  Baneling  
  97  15:31  Baneling x2  
  97  15:37  Baneling  
  96  15:43  Hydralisk x2  
  96  15:44  Hydralisk  
  98  16:09  Hydralisk x4  
  81  16:29  Hydralisk x2  
  81  16:30  Hydralisk  
  77  16:47  Hydralisk x3  
  83  17:08  Hydralisk  
  83  17:17  Hydralisk x3  
  83  17:21  Drone x2  
  91  17:36  Hydralisk x2  
  83  18:00  Hydralisk  
  83  18:01  Hydralisk x2  
  89  18:13  Hydralisk  
  91  18:21  Hydralisk x2  
  91  19:07  Hatchery  
  88  19:47  Corruptor x2  
  88  19:48  Corruptor x3  
  88  19:50  Hydralisk  
  98  19:58  Hydralisk x22  
  98  20:06  Corruptor  
Show
View Real Time Build Order
Export as new Build Order

IIIIIIIIIIII Protoss 

Build Orders:  

Get SALT Encoding   

  12  0:00  Probe  
  14  0:14  Probe  
  14  0:18  Pylon  
  14  0:26  Probe  
  15  0:37  Forge  
  15  0:39  Probe (Chrono Boost)  
  16  0:49  Probe (Chrono Boost)  
  17  0:54  Probe (Chrono Boost)  
  18  1:20  Gateway  
  18  1:29  Probe  
  18  1:30  Assimilator  
  19  1:41  Photon Cannon  
  19  1:42  Photon Cannon  
  19  1:55  Probe  
  19  1:57  Assimilator  
  19  1:59  Pylon  
  20  2:07  Probe  
  21  2:09  Cybernetics Core  
  21  2:11  Zealot (Chrono Boost)  
  23  2:19  Pylon  
  23  2:32  Probe  
  24  2:44  Probe  
  25  2:48  Photon Cannon  
  25  2:50  Photon Cannon  
  25  2:56  Warp Gate, Probe  
  26  3:02  Stalker (Chrono Boost)  
  28  3:08  Probe  
  29  3:18  Robotics Facility  
  29  3:29  Shield Battery  
  29  3:31  Pylon  
  29  3:48  Stalker  
  31  3:58  Nexus  
  31  4:11  Immortal (Chrono Boost)  
  31  4:15  Protoss Ground Weapons Level 1 (Chrono Boost)  
  35  4:25  Sentry  
  37  4:43  Observer, Gateway  
  38  4:47  Gateway  
  38  4:50  Probe  
  39  4:59  Stalker  
  41  5:02  Probe  
  41  5:04  Pylon  
  42  5:11  Probe  
  43  5:14  Probe  
  44  5:25  Immortal  
  48  5:28  Probe  
  48  5:30  Probe  
  48  5:35  Sentry  
  52  5:37  Observer  
  52  5:39  Sentry  
  54  5:43  Stalker  
  56  6:03  Probe x2  
  58  6:06  Assimilator  
  58  6:07  Pylon  
  58  6:08  Protoss Ground Armor Level 1 (Chrono Boost)  
  58  6:11  Assimilator  
  58  6:15  Probe  
  58  6:16  Probe  
  60  6:27  Twilight Council, Probe  
  61  6:39  Probe  
  62  6:51  Probe  
  63  6:55  Pylon  
  63  7:01  Blink (Chrono Boost)  
  63  7:11  Robotics Bay  
  63  7:15  Pylon  
  63  7:20  Pylon  
  63  7:21  Shield Battery  
  63  7:24  Probe  
  64  7:33  Gateway x2  
  64  7:36  Gateway, Probe x2  
  66  7:38  Gateway  
  66  7:48  Probe x2  
  68  7:58  Colossus (Chrono Boost), Extended Thermal Lance  
  68  7:59  Protoss Ground Weapons Level 2 (Chrono Boost)  
  68  8:00  Probe  
  75  8:06  Pylon  
  75  8:14  Nexus  
  73  8:40  Charge, Zealot x7  
  87  8:43  Pylon  
  87  8:45  Pylon  
  87  8:50  Nexus  
  87  9:10  Photon Cannon  
  87  9:17  Pylon  
  87  9:23  Colossus (Chrono Boost)  
  93  9:41  Pylon  
  93  9:46  Pylon  
  57  10:33  Stalker x3  
  57  10:34  Stalker  
  60  10:43  Zealot x2  
  60  10:47  Pylon  
  60  11:05  Observer  
  60  11:06  Protoss Ground Weapons Level 3 (Chrono Boost)  
  60  11:08  Stalker x3  
  60  11:09  Stalker x3, Pylon  
  72  11:13  Pylon  
  72  11:17  Pylon  
  72  11:32  Gateway  
  72  11:33  Gateway  
  72  11:35  Pylon  
  72  11:36  Stargate  
  72  11:39  Stargate  
  56  12:14  Void Ray (Chrono Boost)  
  50  12:16  Robotics Facility  
  50  12:18  Zealot x2  
  50  12:19  Zealot x4  
  62  12:25  Void Ray (Chrono Boost)  
  62  12:27  Fleet Beacon  
  62  12:39  Zealot x5  
  62  12:41  Zealot  
  66  12:53  Assimilator  
  66  13:00  Photon Cannon  
  65  13:35  Nexus  
  65  13:37  Carrier (Chrono Boost), Pylon  
  65  13:40  Pylon  
  71  13:54  Carrier (Chrono Boost)  
  77  14:04  Photon Cannon  
  77  14:18  Zealot x3  
  77  14:27  Shield Battery  
  77  14:29  Observer  
  71  14:39  Zealot x3  
  69  14:54  Probe x2  
  69  14:55  Probe  
  72  15:06  Probe x2  
  72  15:07  Probe  
  75  15:18  Probe (Chrono Boost)  
  75  15:19  Carrier  
  75  15:21  Probe (Chrono Boost)  
  83  15:30  Probe (Chrono Boost)  
  83  15:34  Templar Archives  
  83  15:35  Probe (Chrono Boost)  
  85  15:36  Probe (Chrono Boost)  
  86  15:59  Zealot  
  86  16:00  Zealot x5  
  56  16:38  Carrier  
  56  16:52  Sentry x3  
  56  16:53  Sentry x2  
  66  17:07  High Templar x2  
  21  20:01  Observer (Chrono Boost)  
Tags
 
Add a new tag
Caveats
  • Supply blocks, unpowered buildings, or Contaminate may cause inaccurate times.
  • Supply counts are checked every 10 seconds.